 Dungeon Crawl Stone Soup version 0.27-a0-54-g64bdb92e38 (webtiles) character file.

Game seed: 15565378600415045172

92 runemasterragnar the Skirmisher (level 4, -2/52 HPs)
             Began as an Ogre Monk on Jan 8, 2021.
             Slain by an orc
             ... wielding a +0 trident
              (4 damage)
             ... on level 3 of the Dungeon.
             The game lasted 00:01:29 (2150 turns).

runemasterragnar the Skirmisher (Ogre Monk)         Turns: 2150, Time: 00:01:29

Health: -2/52      AC:  3    Str: 15    XL:     4   Next: 60%
Magic:  4/4        EV: 11    Int: 12    God:
Gold:   93         SH:  0    Dex: 11    Spells: 3/3 levels left

rFire    . . .     SeeInvis .   a - +0 hand axe
rCold    . . .     Faith    .   (no shield)
rNeg     . . .     Spirit   .   b - +0 robe
rPois    .         Reflect  .   (helmet restricted)
rElec    .         Harm     .   (no cloak)
rCorr    .         Rampage  .   (gloves unavailable)
Will     .....                  (boots unavailable)
Stlth    ++........             (no amulet)
HPRegen  0.17/turn              (no ring)
MPRegen  0.09/turn              (no ring)

@: no status effects
A: large, unfitting armour, tough skin 1
a: no special abilities


You were on level 3 of the Dungeon.
You visited 1 branch of the dungeon, and saw 3 of its levels.

You collected 93 gold pieces.

Inventory:

Hand Weapons
 a - a +0 hand axe (weapon)
Armour
 b - a +0 robe (worn)
Scrolls
 c - 5 scrolls of identify {unknown}
 d - a scroll of fear {unknown}
 e - 3 scrolls of teleportation {unknown}
 g - a scroll of amnesia {unknown}
 h - 2 scrolls of remove curse {unknown}
 j - 2 scrolls of magic mapping {unknown}
 k - a scroll of random uselessness {unknown}
Potions
 f - a potion of invisibility {unknown}
 i - a potion of might {unknown}
 l - a potion of degeneration {unknown}
 m - 3 potions of haste {unknown}


   Skills:
 * Level 5.6 Fighting
 + Level 3.6 Axes
 + Level 3.3 Dodging
 - Level 1.4 Stealth


You had 3 spell levels left.
You didn't know any spells.
Your spell library was empty.

Dungeon Overview and Level Annotations

Branches:
Dungeon (3/15)

Altars:
Qazlal
Wu Jian


Innate Abilities, Weirdness & Mutations

You are too large for most types of armour.
You have tough skin. (AC +1)


Message History

Unknown command.
Unknown command.
You hit the orc.
You kill the orc!
You hit the orc. The orc barely misses you.
Unknown command.
Unknown command.
You hit the orc but do no damage.
The orc is almost dead.
You hit the orc.
You kill the orc!
The orc hits you with a +0 trident.
* * * LOW HITPOINT WARNING * * *
Unknown command.
Unknown command.
You hit the orc but do no damage.
The orc is almost dead.
You barely miss the orc. The orc barely misses you.
The orc hits you with a +0 trident.
You die... .# # ###.#. #...#. ♣ .... ♣♣ ### ..g# P♣ #.## #og## ## ##.## #ooo#

.### ##.## ####@# .#.##
##.####.##.#.###.
###.###......#.........#
####.#.######.####.#####
......## #.# .# #..####
#.# # #..# #.# #).# #.#
#).######## #.#


You could see 4 orcs and 2 goblins.

Vanquished Creatures
  Robin (D:3)
  3 adders (D:2)
  2 orcs (D:3)
  A giant cockroach (D:1)
  13 goblins
  6 hobgoblins
  8 jackals (D:1)
  3 kobolds
  A quokka (D:2)
  5 bats
  A frilled lizard (D:2)
  4 rats
48 creatures vanquished.

Notes
Turn   | Place    | Note
-------+----------+-------------------------------------------
     0 | D:1      | runemasterragnar the Ogre Monk began the quest for the Orb.
     0 | D:1      | Reached XP level 1. HP: 24/24 MP: 1/1
   106 | D:1      | Reached XP level 2. HP: 25/33 MP: 2/2
   658 | D:1      | Reached XP level 3. HP: 37/41 MP: 3/3
  1007 | D:2      | Reached skill level 5 in Fighting
  1397 | D:2      | Reached XP level 4. HP: 50/50 MP: 4/4
  1804 | D:2      | Found an ornate altar of the Wu Jian Council.
  1805 | D:2      | Found a stormy altar of Qazlal.
  1903 | D:3      | Noticed Robin
  1918 | D:3      | Killed Robin
  2142 | D:3      | Paralysed by an orc for 6 turns
  2149 | D:3      | HP: 2/52 [orc/+0 trident (6)]
  2150 | D:3      | Slain by an orc

Illustrated notes

Levels and vault maps discovered:
D:1:      nzn_arrival_depleted_hourglass, layout_basic, serial_curves,
          eino_curves_03, eino_curves_03, chequers_decorated_corner
D:2:      layout_loops_ring, gammafunk_temple_overflow_pools, hex_tiny
D:3:      layout_loops_ring, makhleb_heckhound_becter, uniq_robin, uniq_ijyb,
          uniq_crazy_yiuf_cottage

Skill      XL: |  1  2  3 |
---------------+----------+-----
Dodging        | 3 |  3.3
Fighting       | 5 |  5.6
Axes           | |  3.6
Stealth        | |  1.4

Action                   |  1- 3 |  4- 6 || total
-------------------------+-------+-------++-------
Melee: Hand axe          |   108 |    35 ||   143
 Stab: Sleeping          |     3 |       ||     3
Armor: Robe              |    47 |     7 ||    54
Dodge: Dodged            |    90 |    27 ||   117

Table legend: (Time is in decaauts)
 A = Elapsed time spent in this place.
 B = Non-inter-level travel time spent in this place.
 C = Inter-level travel time spent in this place.
 D = Time resting spent in this place.
 E = Time spent auto-exploring this place.
 F = Levels seen in this place.
 G = Mean time per level.
                   A        B        C        D        E       F      G
               +--------+--------+--------+--------+--------+-----+--------+
         Total |   2169 |   2117 |     52 |      0 |   1825 |   3 |  723.0 |
       Dungeon |   2169 |   2117 |     52 |      0 |   1825 |   3 |  723.0 |
               +--------+--------+--------+--------+--------+-----+--------+

Top non-repeatable levels by time:
     D:1: 993 daAuts
     D:2: 894 daAuts
     D:3: 281 daAuts
